 Dungeon Crawl Stone Soup version 0.17-a0-1951-g62301d3 (webtiles) character file.

136 4thArraOfDagon the Insei (level 5, 0/30 HPs)
             Began as a Tengu Transmuter on Oct 2, 2015.
             Was a Follower of Cheibriados.
             Slain by Sigmund
             ... wielding a +0 scythe
              (9 damage)
             ... on level 4 of the Dungeon.
             The game lasted 00:06:20 (1464 turns).

4thArraOfDagon the Insei (Tengu Transmuter)         Turns: 1464, Time: 00:06:21

Health: 0/30       AC:  2    Str: 13    XL:     5   Next: 19%
Magic:  3/9        EV: 21    Int: 16    God:    Cheibriados [*.....]
Gold:   44         SH:  0    Dex: 21    Spells: 2 memorised, 4 levels left

rFire  x . .     SeeInvis .       - Unarmed
rCold  + . .     Clarity  .     (armour currently unavailable)
rNeg   . . .     SustAt   .     (shield currently unavailable)
rPois  x         Gourm    .     (helmet currently unavailable)
rElec  .         Spirit   .     (cloak currently unavailable)
rCorr  .         Warding  .     (gloves currently unavailable)
rMut   .         Stasis   .     (boots unavailable)
MR     .....                    (no amulet)
Stlth  ++........               (no ring)
                                f - ring of ice (curse)

@: spider-form, very slow, not resistant to hostile enchantments, unstealthy
A: (beak), (talons 0), able to fly 1
a: Fly, End Transformation, Bend Time, Renounce Religion


You were on level 4 of the Dungeon.
You worshipped Cheibriados.
Cheibriados was aware of your devotion.
You were not hungry.
You were a venomous arachnid creature.
You visited 1 branch of the dungeon, and saw 4 of its levels.

You collected 44 gold pieces.

Inventory:

Hand weapons
 l - a cursed +0 trident
Missiles
 a - 12 arrows
Armour
 b - a +0 robe (melded)
Jewellery
 f - a cursed ring of ice (left front leg)
 m - an uncursed amulet of resist mutation
Scrolls
 e - 2 scrolls of enchant armour {unknown}
 g - a scroll of recharging {unknown}
 h - a scroll of teleportation {unknown}
 i - a scroll of identify
 k - a scroll of remove curse {unknown}
 n - a scroll of magic mapping {unknown}
 o - a scroll of noise {unknown}
Potions
 j - a potion of flight
Books
 c - a book of Changes

   Spells                             Type                      Level
   a - Beastly Appendage              Transmutation                1
   b - Sticks to Snakes               Transmutation                2
   c - Spider Form                    Transmutation/Poison         3
   d - Ice Form                       Ice/Transmutation            4
   e - Blade Hands                    Transmutation                5
Comestibles
 d - a bread ration


   Skills:
 + Level 1.7 Fighting
 + Level 2.4 Dodging
 * Level 4.9 Unarmed Combat
 + Level 2.4 Spellcasting
 * Level 2.1 Transmutations
 * Level 1.2 Poison Magic


You had 4 spell levels left.
You knew the following spells:

 Your Spells              Type           Power        Failure   Level  Hunger
a - Beastly Appendage     Trmt           #.....       24%         1    #......
b - Spider Form           Trmt/Pois      #.........   56%         3    ###....


Dungeon Overview and Level Annotations

Branches:
Dungeon (4/15)
 Temple: D:4-7

Altars:
Cheibriados
Fedhas
Xom

Annotations:
D:3 nht's ghost, average OgHu
D:4 Natasha; Sigmund; nht's ghost, average OgHu


Innate Abilities, Weirdness & Mutations

((You have a beak for a mouth.))
((You have claws for feet.))
You can fly.


Message History

You hear some strange, mumbled words.
Something tries to affect you, but you resist.
Unknown command.
You closely miss something. Something barely misses you.
Natasha, Servant of Life and Death comes into view.
You bite something! Something barely misses you.
Unknown command.
You barely miss something.
Your transformation has ended.
Your +0 robe unmelds from your body.
Unknown command.
You miss something. You claw something. Something barely misses you.
Unknown command.
Casting: Spider Form
Confirm with . or Enter, or press ? or * to list all spells.
You turn into a venomous arachnid creature.
Your +0 robe melds into your body.
Unknown command.
You hit something but do no damage. Something hits you!
You die...

.. ######## ##
##......##
##........#####
#.............##.
#................
##..............#
##.....!........
#####..s......#
#.....?....
#....h.....
##........#
.......%.#
.......(..#
...........
...........#
##... #....


You could see Natasha.

Vanquished Creatures
  Jessica (D:2)
  Natasha (D:4)
  4 adders
  A shadow imp (D:4)
  2 oozes (D:1)
  A worm (D:2)
  6 bats
  2 giant cockroaches (D:2)
  2 hobgoblins
  2 giant newts
  4 goblins
  6 kobolds
  3 rats
35 creatures vanquished.

Notes
Turn   | Place    | Note
--------------------------------------------------------------
     0 | D:1      | 4thArraOfDagon the Tengu Transmuter began the quest for the Orb.
     0 | D:1      | Reached XP level 1. HP: 12/12 MP: 4/4
   135 | D:1      | Reached XP level 2. HP: 6/16 MP: 4/6
   182 | D:2      | Noticed Jessica
   196 | D:2      | Killed Jessica
   196 | D:2      | Reached skill level 4 in Unarmed Combat
   196 | D:2      | Reached XP level 3. HP: 15/20 MP: 4/7
   202 | D:2      | Learned a level 3 spell: Spider Form
   236 | D:2      | Found a snail-covered altar of Cheibriados.
   237 | D:2      | Found a shimmering altar of Xom.
   241 | D:2      | Became a worshipper of Cheibriados the Contemplative
   501 | D:2      | Reached XP level 4. HP: 20/25 MP: 6/8
   885 | D:3      | Acquired Cheibriados's first power
   943 | D:4      | Noticed a phantom
  1019 | D:3      | Noticed nht's ghost (average OgHu)
  1119 | D:3      | Found a blossoming altar of Fedhas.
  1426 | D:4      | Noticed an ogre
  1442 | D:4      | Noticed nht's ghost (average OgHu)
  1448 | D:4      | Noticed Natasha
  1450 | D:4      | Noticed Sigmund
  1456 | D:4      | Killed Natasha
  1456 | D:4      | Reached skill level 1 in Poison Magic
  1456 | D:4      | Gained mutation: You can fly. [Tengu growth]
  1456 | D:4      | Reached XP level 5. HP: 9/30 MP: 5/9
  1460 | D:4      | Noticed Natasha
  1464 | D:4      | Slain by Sigmund

Vault maps used:
D:1:      evilmike_arrival_crescent, minmay_misc_feat_roman
D:2:      minmay_door_path, gammafunk_temple_overflow_statue,
          serial_co_window_serial, co_window_paths_a,
          co_window_of_opportunity_a, co_window_paths_b, co_window_paths_a,
          co_window_cross_1, co_window_paths_a, co_window_paths_b,
          co_window_unsneaky_path_e, co_window_broadway_c,
          co_window_unsneaky_path_e, co_window_of_opportunity_b,
          co_window_corner_cb, uniq_jessica
D:3:      fedhas_altar_2, dk_noncrumbling_3, amethyst_killhole,
          hangedman_decor_clover_reticule, kennysheep_big_empty_room,
          minmay_misc_feat_doors, led_xom_imps
D:4:      first_bread, grunt_ashenzari_visionary, uniq_natasha, uniq_sigmund

Action                   |  1- 3 |  4- 6 || total
-------------------------+-------+-------++-------
Melee: Unarmed           |    46 |    66 ||   112
 Cast: Beastly Appendage |     7 |     6 ||    13
       Spider Form       |       |     3 ||     3
  Use: Potion            |     1 |     1 ||     2
       Scroll            |       |     1 ||     1
 Stab: Sleeping          |     2 |       ||     2
  Eat: Chunk             |       |     2 ||     2
       Beef jerky        |       |     1 ||     1
